Cogmind - Beta 16 @@@ ROGUE MODE // 2025.11.25 @ 20:38:18 Player: Mozco Result: Destroyed by G-34 Mercenary with Small Laser Performance ------------- Evolutions (0) 0 Regions Visited (1) 200 Robots Destroyed (20) 100 Value Destroyed (327) 327 Prototype IDs (0) 0 Alien Tech Used (0) 0 Bonus (0) 0 TOTAL SCORE: 627 Bonus ------- None Cogmind --------- Core Integrity 0/250 Matter 300/300 Energy 125/125 System Corruption 0% Temperature Cool (6) Movement Rolling (90) Location -10/Materials Parts ------- > --- POWER (1) -------- Light Ion Engine > --- PROPULSION (2) --- Wheel Compact Wheel > --- UTILITY (2) ------ Small Storage Unit Core Shielding > --- WEAPON (2) ------- Heavy Hammer Heavy Hammer > --- INVENTORY (8) ---- Wheel Visual Processing Unit Hacking Suite Assault Rifle Assault Rifle Assault Rifle Heavy Hammer Heavy Hammer Peak State ------------ > --- POWER ------------ Ion Engine > --- PROPULSION ------- Compact Wheel Compact Wheel > --- UTILITY ---------- Heat Sink Small Storage Unit > --- WEAPON ----------- Heavy Hammer Heavy Hammer > --- INVENTORY -------- Visual Processing Unit Hacking Suite Small Laser Assault Rifle Heavy Hammer Heavy Hammer [Rating: 10] Favorites ----------- Power Ion Engine Engine Ion Engine Propulsion Compact Wheel Wheel Compact Wheel Utility Small Storage Unit Device Heat Sink Storage Small Storage Unit Protection Core Shielding Weapon Heavy Hammer Energy Gun Small Laser Ballistic Gun Assault Rifle Impact Weapon Heavy Hammer Build | -11 -10 ------- Run | Yrd Mat Slots Evolved . | . . Power . | . . Propulsion . | . . Utility . | . . Weapon . | . . Parts Attached 13 | 6 7 Power 2 | 1 1 Engine 2 | 1 1 Core . | . . Reactor . | . . Propulsion 4 | 2 2 Treads . | . . Leg . | . . Wheel 4 | 2 2 Hover . | . . Flight . | . . Utility 3 | 1 2 Device 1 | . 1 Storage 1 | 1 . Processor . | . . Hackware . | . . Protection 1 | . 1 Artifact . | . . Weapon 4 | 2 2 Energy Gun 1 | 1 . Energy Cannon . | . . Ballistic Gun 1 | 1 . Ballistic Cannon . | . . Launcher . | . . Special Weapon . | . . Impact Weapon 2 | . 2 Slashing Weapon . | . . Piercing Weapon . | . . Special Melee Weapon . | . . Unidentified Prototypes . | . . Parts Lost 2 | . 2 Power 1 | . 1 Propulsion 1 | . 1 Utility . | . . Weapon . | . . Highest Loss Streak 2 | . 2 To Critical Strikes . | . . Average Backups 5 | . 6 Power . | . . Propulsion . | . . Utility 1 | . 1 Weapon 3 | . 4 Tool/Special . | . . Unused Backups 7 | . 7 Power . | . . Propulsion 1 | . 1 Utility 2 | . 2 Weapon 4 | . 4 Tool/Special . | . . Average Slot Usage (%) 87 | . 87 Engine 8 | . 8 Wheel 23 | . 23 Storage 14 | . 14 Protection 10 | . 10 Energy Gun 1 | . 1 Ballistic Gun 1 | . 1 Impact Weapon 24 | . 24 Peak Build Rating 10 | 6 10 Average Rating 7 | 4 8 On Entrance 3 | . 6 Avg Prop Armor Cover (%) . | . . Naked Turns . | . . Heaviest Build 17 | 13 17 Greatest Support 32 | 32 32 Greatest Overweight (x) 1 | . 1 Average Overweight (x) . | . . Largest Inventory Capacity 8 | 8 8 Average Capacity 7 | 7 8 Most Carried 8 | . 8 Average Carried 5 | . 6 Final Capacity 8 | 8 8 Final Carried 8 | . 8 Class Distribution -------------------- 100% | Mutant Dominant Class ---------------- Mutant | -10/Materials Resources | -11 -10 ----------- Run | Yrd Mat Matter Collected 335 | 266 69 Remotely . | . . Salvage Created 645 | 42 603 Parts 19 | 2 17 Haulers Intercepted . | . . Recyclers Shooed . | . . Parts Field Recycled . | . . Retrieved Matter . | . . Parts Self-Destructed . | . . Prevented . | . . Parts Restored . | . . Kills | -11 -10 ------- Run | Yrd Mat Combat Hostiles Destroyed 7 | . 7 Melee 5 | . 5 Classes Destroyed 7 | 1 6 Worker 7 | 2 5 Builder 1 | . 1 Tunneler 1 | . 1 Recycler 2 | . 2 Operator 1 | . 1 Watcher 1 | . 1 Grunt 7 | . 7 Best Kill Streak 5 | 2 5 Combat Bots Only 2 | . 2 Max Kills in Single Turn 1 | 1 1 Gunslinging . | . . Exploded . | . . Melee 1 | . 1 Uniques/NPCs Destroyed . | . . Combat | -11 -10 -------- Run | Yrd Mat Hostile Shots Fired 64 | . 64 Missed 13 | . 13 Hits 51 | . 51 Projectile 51 | . 51 Critical Strikes 2 | . 2 Damage Taken 667 | . 667 Core 254 | . 254 Absorbed by Shields . | . . Redirected to Shielding 48 | . 48 Core Remaining (%) 100 | 100 . Volleys Fired 5 | 2 3 Largest 2 | 2 2 Hottest 60 | 60 60 Shots Fired 10 | 4 6 Gun 10 | 4 6 Cannon . | . . Launcher . | . . Special . | . . Kinetic 5 | 2 3 Thermal 5 | 2 3 Explosive . | . . Electromagnetic . | . . Robot Hit Streak 3 | 3 2 Robot Miss Streak 3 | . 3 Penetration Max . | . . Secondary Targets . | . . Shots Hit Robots 37 | 3 34 Core Hits 10 | 2 8 Critical Kills 1 | . 1 Critical Parts Destroyed 3 | . 3 Critical Strikes 4 | . 4 Smash 4 | . 4 Melee Attacks 54 | . 54 Impact 54 | . 54 Slashing . | . . Piercing . | . . Sneak Attacks 11 | . 11 Combat Hostiles 1 | . 1 Follow-up Attacks 4 | . 4 Damage Inflicted 1791 | 34 1757 Guns 56 | 34 22 Cannons . | . . Explosions . | . . Melee 1735 | . 1735 Ramming . | . . Kinetic 24 | 12 12 Thermal 32 | 22 10 Explosive . | . . Electromagnetic . | . . Impact 1735 | . 1735 Slashing . | . . Piercing . | . . Highest Corruption . | . . Average Corruption . | . . Corruption Purged . | . . Corruption Blocked . | . . Overload Shots . | . . Overflow Damage 457 | . 457 Projectiles . | . . Explosions . | . . Melee 457 | . 457 Knockbacks 11 | . 11 Impact 11 | . 11 Kinetic . | . . Secondary . | . . Self-Inflicted Damage . | . . Shots . | . . Rammed . | . . Targets Rammed . | . . Kicked . | . . Crushed . | . . Highest Temperature 4 | . 4 Average Temperature 3 | . 3 Received Heat Transfer 414 | . 414 Siege Activations . | . . Martial Activations . | . . Shielding Activations . | . . Robots Disrupted . | . . Combat Hostiles . | . . Robots Corrupted 6 | . 6 Combat Hostiles 2 | . 2 Parts Fried 10 | . 10 Impact Corruptions 19 | . 19 Robots Melted . | . . Combat Hostiles . | . . Parts Melted . | . . Heat Transferred 75 | 50 25 Parts Sabotaged . | . . Parts Stolen . | . . Parts Stripped . | . . Power Chain Reactions . | . . Alert | -11 -10 ------- Run | Yrd Mat Maximum Alert Level . | . . Low Security (%) 100 | 100 100 Level 1 . | . . Level 2 . | . . Level 3 . | . . Level 4 . | . . Level 5 . | . . High Security . | . . Max Security . | . . Peak Influence 90 | 10 90 Initial 6 | . 6 Average 38 | . 47 Influence Increases 313 | 10 303 Destroy 0b10 Robot/C 140 | . 140 Destroy 0b10 Robot/NC 65 | 10 55 Destroy Leader 42 | . 42 Successful Hack 6 | . 6 Partial Spotted 15 | . 15 Lose Combat Pursuer 45 | . 45 Influence Decreases 231 | . 231 Entered New Map 4 | . 4 Time Decay 207 | . 207 Lost Part 20 | . 20 Squads Dispatched 5 | . 5 Investigation 3 | . 3 Extermination . | . . Reinforcement 2 | . 2 Assault . | . . Garrison . | . . Intercept . | . . Searches Triggered . | . . Construction Impeded . | . . Haulers Reinforced . | . . Active Scanning Responses . | . . Cargo Convoy Interrupts . | . . Stealth | -11 -10 --------- Run | Yrd Mat Distress Signals 1 | . 1 Communications Jammed . | . . Distress Signals . | . . Times Spotted 16 | . 16 Peak Tracking Total 6 | . 6 Tactical Retreats 2 | . 2 Traps | -11 -10 ------- Run | Yrd Mat Traps Triggered 2 | . 2 Indirectly . | . . Trap Hack Attempts . | . . Triggered . | . . Disarmed . | . . Reprogrammed . | . . Reused . | . . Traps Extracted . | . . Installed . | . . Triggered . | . . Machines | -11 -10 ---------- Run | Yrd Mat Machines Disabled . | . . Max in Single Turn . | . . Machines Repaired . | . . Machines Dismantled . | . . Machines Sabotaged . | . . Overloaded Fab Kills . | . . Hacking | -11 -10 --------- Run | Yrd Mat Machines Accessed 1 | . 1 Terminals 1 | . 1 Fabricators . | . . Repair Stations . | . . Recycling Units . | . . Scanalyzers . | . . Garrison Access . | . . Total Hacks 4 | . 4 Successful 2 | . 2 Failed 2 | . 2 Catastrophic . | . . Database Lockouts . | . . Manual 4 | . 4 Terminals 4 | . 4 Fabricators . | . . Repair Stations . | . . Recycling Units . | . . Scanalyzers . | . . Garrison Access . | . . Terminal Hacks 1 | . 1 Robot Analysis 1 | . 1 Fabricator Hacks . | . . Repair Station Hacks . | . . Recycling Unit Hacks . | . . Scanalyzer . | . . Garrison Access Hacks . | . . Unauthorized Hacks 1 | . 1 Terminals 1 | . 1 Botnet 1 | . 1 Fabricators . | . . Repair Stations . | . . Recycling Units . | . . Scanalyzers . | . . Garrison Access . | . . Data Cores Recovered . | . . Used . | . . Hacking Detections 1 | . 1 Full Trace Events 1 | . 1 Feedback Events . | . . Feedback Blocked . | . . Robot Schematics Acquired . | . . Robots Built . | . . Authchips . | . . Time . | . . Total Robot Build Rating . | . . Part Schematics Acquired . | . . Parts Built . | . . Authchips . | . . Time . | . . Total Part Build Rating . | . . Part Studies Acquired . | . . Parts Repaired . | . . Time . | . . Parts Recycled . | . . Recycled Matter . | . . Retrieved Matter . | . . Retrieved Components . | . . Parts Scanalyzed . | . . Part Schematics Acquired . | . . Parts Damaged . | . . Bothacking | -11 -10 ------------ Run | Yrd Mat Used RIF Installer . | . . Robots Hacked . | . . Non-combat . | . . Combat . | . . Robot Hacks Applied . | . . Relay Couplers Released . | . . Fabnet Peak Effective % . | . . Robots Rewired . | . . Allies Hacked . | . . Hacks Repelled . | . . Allies | -11 -10 -------- Run | Yrd Mat Total Allies . | . . Largest Group . | . . Highest-Rated Group . | . . Highest-Rated Ally . | . . Total Orders . | . . Ally Attacks . | . . Total Damage . | . . Kills . | . . Allies Corrupted . | . . Allies Melted . | . . Intel | -11 -10 ------- Run | Yrd Mat Active Infowar (turns) . | . . Robot Analysis Total 1 | . 1 Derelict Logs Recovered . | . . Drone Launches . | . . Drone Recoveries . | . . Exploration | -11 -10 ------------- Run | Yrd Mat Turns Passed 611 | 118 493 Spaces Moved 429 | 106 323 Core 4 | 4 . Treads . | . . Legs . | . . Wheels 425 | 102 323 Hover . | . . Flight . | . . Fastest Speed 50 | 50 90 Average Speed 96 | 98 95 Slowest Speed 115 | 100 115 Overloaded Moves . | . . Propulsion Burnouts . | . . Robots Hopped . | . . Potential Cave-ins . | . . Cave-ins Triggered . | . . Exploration Rate (%) 29 | 6 52 Regions Visited 1 Branch Regions . Pre-discovered Areas . | . . Known Exits Taken . | . . Unknown Exits Taken 1 | 1 . Scrap Searched . | . . Spaces Dug . | . . Terrain Destroyed . | . . Melee . | . . Projectile . | . . AOE . | . . Terrain Rammed . | . . Walls Destroyed . | . . Machines Disabled . | . . Actions | -11 -10 --------- Run | Yrd Mat Total 531 | 113 418 Wait 28 | . 28 Move 428 | 105 323 Hop . | . . Pick Up 9 | . 9 Fast Attach 10 | 6 4 Attach . | . . Detach . | . . Swap 3 | . 3 Drop 3 | . 3 Fire 5 | 2 3 Melee 45 | . 45 Ram . | . . Kick . | . . Crush . | . . Escape Stasis . | . . Rewire . | . . Trap . | . . Miscellaneous . | . . Route ------- -11/Scrapyard -10/Materials (discovered 3 exits: [*Mat x2] / [*Min]) History --------- Turn | Location | Event 8 | -11/Scrapyard | Discovered new exit (range 15) 119 | -11/Scrapyard | Entered Materials 259 | -10/Materials | Discovered new exit (range 8) 298 | -10/Materials | Core integrity fell below 50% 315 | -10/Materials | Core integrity fell below 20% 317 | -10/Materials | Build established: Mutant 394 | -10/Materials | Discovered new exit (range 12) 548 | -10/Materials | Discovered new exit (range 16) 612 | -10/Materials | Destroyed by G-34 Mercenary with Small Laser Last Messages --------------- 00525_ An alarm sounds. 00525_ ALERT: Alarm triggered, dispatching investigation squad. 00529_ W-16 Scout sends out distress signal. 00534_ Sneak attack on T-07 Excavator. 00534_ Destroyed Wheel. 00534_ T-07 Excavator system corrupted by crushing effect. 00535_ T-07 Excavator system terminally corrupted. 00535_ Wheel fried. 00535_ Imp. Terrain Scanner fried. 00541_ U-05 Engineer lays Concrete. 00548_ EXIT=FOUND 00569_ G-34 Mercenary knocked back. 00573_ G-34 Mercenary destroyed. 00605_ Sneak attack on G-34 Mercenary. 00605_ G-34 Mercenary knocked back. 00607_ Hvy. Hammer follow-up attack on G-34 Mercenary. 00607_ Destroyed Heat Sink. 00607_ G-34 Mercenary system corrupted by crushing effect. 00610_ Hvy. Hammer follow-up attack on G-34 Mercenary. 00610_ G-34 Mercenary knocked back. Map ----- +----------------------------------------------------+ | ??????? ?????????? # #????# #? | | ??????? ???????????? < # """ #????# #? | | ?????## ??????????????? # """ #????# #? | | ?????# #????????????????# # """ #????# #? | | ?????# #?????????????????# ## #???##+## | | ?????# ??????????????????# ##+######???# | | ?????# ???????????????????# #??????# " | | ?????# ????????######????### % #?###### " | | ###### #?????????# % [ #? # " | | % #?????????# ###########+### # # " | | ########### # ! # %%# # | | % + % % %#%* + ##### | | ############+## * *+% # #???? | | #???# # =%# # #???? | | == !!#???# !! # =### #?########## | | == ! #???#[ * # #?# ####"""T"""# | | #######???#[!* ###############?# | | ??????????####################??????# | | ???????????????????# ######## | | ???????????????????# ! + % | | ???????????????????# ##################### | | ???????????????????+ """ """ #???????????????????? | | ???????????????????# """ """ #???????????????????? | | ???????????????????# """ """ #???????????????????? | | ???????????????????# #????####???????????? | | ???????????????????# @% #????"""#???????????? | | ####???????#+#############g#######"Y"########????? | | ??? = #????? | | ??? ^ < #????? | | ??? #????? | | ##### ?????#+####################+#########??????? | | ??????????????????????????# #????????? | | ??????????????????????????# """ """ """ #????????? | | ??????????????????????????# """ """ """ #????????? | | ??????????????????????????# """ """ """ #????????? | | ??????????????????????????? """ """ """ ?????????? | | ??????????????????????????? ?????????? | | ?????????????????????????????#########???????????? | | | | | | | | | | | | | | | | | | | | | | | | | +----------------------------------------------------+ Best States ------------- Heat Dissipation 35 Energy Generation 10 Energy Capacity 250 Matter Stores 300 Matter Capacity 300 Sight Range 16 Terrain Scan Density 10 Core Shielding 20 Evasion (%) 42 Item Schematics ----------------- None Robot Schematics ------------------ None Fabricated ------------ Nothing Repaired ---------- Nothing Studied --------- None Alien Tech Used ----------------- None Achievements -------------- None Challenges ------------ None Game ------ Seed GodSalvageDrive Manual? 0 Play Time 00:07:40 Cumulative 335.1 hours Start 2025.11.25 @ 20:34:05 End 2025.11.25 @ 20:38:18 Sessions 1 Manual Loads 0 Difficulty Rogue Special Mode None Game No. 355 Rogue 351 Adventurer 3 Explorer 1 Win Type - Total 2 Types 2/0/0/0/0/0/0/0/0/0 Lore% 82 Gallery% 78 Achievement% 64 Wizard Run 0 Options --------- Layout 0 ASCII 0 Keyboard 0 Movement Mouse Keybinds 0 Fullscreen 2 Font 18/SmallcapsGlow Map View 76x50 Zoom Use 0% Tactical HUD 1 Map Filters NONE Filters NONE Steam 1 RUN: 2630867e-163e-4fb5-bc31-8652b7e4045e